Map: Ruins of Endion

Players

Pokebunny - Winner!

  • Race: Terran Terran
  • League: Grandmaster

Lolebiv

  • Race: Zerg Zerg
  • League: Master

VOD

Have the link to the VOD?

Description

Time

  • Played on: April 7, 2016, 9:52 p.m.
  • Length: 10:06
Show
View Real Time Build Order
Export as new Build Order

Pokebunny Terran - Winner!

Build Orders: Reaper Expand, MMM Bio 

Get SALT Encoding   

  12  0:00  SCV  
  13  0:12  SCV  
  14  0:18  Supply Depot  
  14  0:24  SCV  
  15  0:39  SCV  
  15  0:40  Barracks  
  16  0:43  Refinery  
  16  0:51  SCV  
  17  1:11  SCV  
  18  1:26  Orbital Command  
  18  1:27  Reaper  
  19  1:37  Command Center  
  19  1:47  Supply Depot  
  19  1:52  SCV  
  20  1:59  Barracks Reactor  
  20  2:04  SCV  
  20  2:08  Barracks  
  21  2:16  Barracks  
  21  2:18  SCV  
  22  2:30  SCV  
  22  2:32  Refinery  
  23  2:39  Marine x2  
  23  2:42  SCV  
  26  2:48  Factory  
  26  2:51  Orbital Command  
  26  2:55  SCV  
  27  2:58  Barracks Tech Lab  
  27  3:03  Marine  
  27  3:05  Marine  
  28  3:08  Marine  
  28  3:12  SCV  
  31  3:18  Marine, Stimpack  
  32  3:23  Marine  
  32  3:25  SCV  
  32  3:26  SCV  
  35  3:34  Starport  
  35  3:36  Factory Reactor  
  35  3:37  Marine  
  36  3:41  Marine x2  
  36  3:44  Marine  
  36  3:47  SCV  
  40  3:52  Supply Depot, SCV  
  41  3:59  SCV  
  42  4:04  Marine x3, SCV  
  42  4:09  Supply Depot  
  46  4:13  Marine  
  46  4:19  Factory Tech Lab  
  46  4:20  Engineering Bay  
  46  4:21  Medivac  
  46  4:23  Medivac  
  50  4:27  Refinery  
  50  4:29  SCV  
  50  4:30  SCV  
  52  4:34  Marine x2  
  52  4:35  Marine  
  55  4:41  Marine  
  55  4:45  Supply Depot  
  56  4:47  Terran Infantry Weapons Level 1  
  56  4:53  Siege Tank  
  56  4:56  Marine x2  
  56  4:58  Barracks Reactor  
  61  5:03  Supply Depot  
  61  5:06  Marine  
  62  5:20  Barracks  
  62  5:21  Barracks  
  62  5:22  SCV x2  
  64  5:35  Siege Tank, Marine x3  
  66  5:38  Medivac  
  68  5:45  SCV x2  
  70  5:52  Supply Depot  
  70  5:57  SCV  
  70  5:58  Marine x2  
  70  5:59  Marine x2  
  70  6:00  Marine  
  70  6:03  SCV  
  77  6:09  Supply Depot  
  77  6:10  Combat Shields  
  77  6:21  Siege Tank, Marine  
  77  6:22  Missile Turret  
  81  6:26  Missile Turret  
  81  6:27  Missile Turret  
  81  6:29  Marine x2  
  81  6:30  Marine x2  
  85  6:39  Medivac x2  
  89  6:43  Supply Depot  
  89  6:54  Marine x4  
  89  6:55  Marine  
  94  7:06  Siege Tank  
  96  7:12  Marine x5  
  96  7:14  Marine  
  102  7:23  Marine  
  99  7:30  Marine x3  
  99  7:34  Terran Infantry Armor Level 1  
  99  7:35  Supply Depot x2  
  102  7:56  Marine x3, Medivac x2  
  102  7:57  Siege Tank, Marine x3  
  105  8:02  Marine  
  105  8:05  Supply Depot  
  106  8:06  Supply Depot  
  106  8:14  Marine  
  106  8:16  Command Center  
  107  8:24  Marine x2  
  109  8:30  Marine x4  
  113  8:41  Siege Tank, Marine  
  116  8:42  Marine x2  
  116  8:46  Supply Depot  
  116  8:48  Marine, Supply Depot  
  88  9:19  Marine x3  
  81  9:24  Medivac x2  
  81  9:28  Siege Tank  
  81  9:30  Orbital Command  
  87  9:32  Armory  
  87  9:35  Engineering Bay  
  87  9:42  Refinery  
  87  9:44  SCV x2  
  95  9:55  Missile Turret  
Show
View Real Time Build Order
Export as new Build Order

Lolebiv Zerg 

Build Orders: Hatch First, Muta Ling Bane 

Get SALT Encoding   

  12  0:01  Drone  
  13  0:12  Overlord  
  13  0:21  Drone  
  14  0:31  Drone x2  
  14  0:35  Drone  
  17  0:53  Hatchery  
  17  0:56  Drone  
  17  1:10  Spawning Pool  
  16  1:12  Drone  
  16  1:14  Extractor  
  16  1:17  Drone  
  17  1:23  Drone  
  18  1:28  Drone  
  19  1:40  Overlord  
  19  1:54  Drone  
  19  1:58  Queen  
  22  2:02  Zergling x2  
  22  2:05  Zergling x2, Queen  
  26  2:12  Drone  
  27  2:16  Drone, Metabolic Boost  
  28  2:29  Drone x2  
  29  2:38  Drone  
  29  2:40  Overlord  
  29  2:41  Queen  
  33  2:44  Drone  
  33  2:53  Overlord  
  33  2:57  Lair  
  33  3:05  Drone x3  
  36  3:10  Drone x3  
  39  3:13  Overlord  
  39  3:17  Drone  
  39  3:18  Drone  
  41  3:26  Drone x3  
  44  3:35  Drone, Extractor  
  44  3:36  Extractor  
  43  3:43  Baneling Nest  
  43  3:46  Drone x5  
  47  3:48  Zergling x2  
  47  3:49  Zergling x4  
  47  3:54  Extractor  
  49  4:02  Zergling x4  
  51  4:18  Drone, Spire  
  51  4:19  Drone x4  
  51  4:20  Drone  
  51  4:23  Drone  
  57  4:27  Overlord  
  57  4:28  Baneling x3  
  57  4:29  Baneling  
  57  4:33  Zergling x4  
  59  4:39  Hatchery  
  58  4:52  Overlord  
  58  4:55  Zergling x16  
  58  4:58  Overlord  
  65  5:15  Baneling  
  65  5:16  Baneling x4  
  65  5:18  Zergling x2  
  65  5:19  Zergling x12  
  72  5:40  Mutalisk x5  
  82  5:43  Zerg Flyer Weapons Level 1  
  79  5:50  Overlord  
  79  6:01  Mutalisk x3  
  85  6:05  Drone x2  
  85  6:07  Evolution Chamber  
  85  6:08  Evolution Chamber  
  85  6:09  Overlord  
  85  6:10  Overlord  
  85  6:15  Zergling x2  
  85  6:16  Zergling x8  
  89  6:22  Centrifical Hooks  
  88  6:37  Zerg Ground Armor Level 1  
  88  6:38  Zerg Melee Weapons Level 1  
  88  6:43  Zergling x4  
  88  6:44  Zergling x16  
  95  6:54  Zergling x2  
  95  6:55  Zergling x4  
  98  7:09  Zergling x20  
  107  7:20  Queen  
  107  7:29  Mutalisk x4  
  105  7:32  Overlord x2  
  113  7:50  Overlord x3  
  113  7:58  Mutalisk x5  
  105  8:04  Zergling x12  
  121  8:11  Baneling  
  121  8:12  Baneling x5  
  121  8:23  Zergling x10  
  121  8:24  Zergling x4  
  128  8:42  Zergling x2  
  128  8:43  Zergling x20  
  139  8:49  Baneling x7  
  73  9:26  Zergling x24  
  80  9:37  Zergling x6  
  80  9:39  Mutalisk x2  
Tags
 
Add a new tag
Caveats
  • Supply blocks, unpowered buildings, or Contaminate may cause inaccurate times.
  • Supply counts are checked every 10 seconds.